 Dungeon Sprint DCSS version 0.16.1-2-g95b8d4c (webtiles) character file.

1000000 miro the Unseen (level 11, 0/111 HPs)
             Began as a Naga Enchanter on Mar 25, 2015.
             Was an Initiate of Makhleb.
             Slain by a meat berserker
             ... wielding a +9 battleaxe
              (12 damage)
             ... in the Dungeon (Sprint VIII: "Arena of Blood").
             The game lasted 00:00:36 (10 turns).

miro the Unseen (Naga Enchanter)                      Turns: 10, Time: 00:00:36

Health: 0/111      AC:  5    Str: 12    XL:     11   Next: 63%
Magic:  3/27       EV: 15    Int: 15    God:    Makhleb [......]
Gold:   0          SH:  0    Dex: 14    Spells: 1 memorised, 25 levels left

rFire  . . .     SeeInvis +     k - +∞ Axe of Woe
rCold  . . .     Clarity  .     b - +1 robe
rNeg   . . .     SustAb   .     (no shield)
rPois  +         Gourm    .     (no helmet)
rElec  .         Spirit   .     (no cloak)
rCorr  .         Warding  .     (no gloves)
rMut   .         NoTele   +     (no barding)
MR     +....                    (no amulet)
Stlth  ++++++++..               (no ring)
                                (no ring)

@: very slow, somewhat resistant to hostile enchantments, extraordinarily
stealthy
A: spit poison, see invisible, deformed body, poison resistance, slowness 2, AC
+3
a: Spit Poison, Renounce Religion


You were in the Dungeon.
You worshipped Makhleb.
Makhleb was noncommittal.
You were not hungry.

You visited 1 branch

Inventory:

Hand weapons
 a - a +1 dagger
 k - the +∞ Axe of Woe (weapon)
   (You found it in the Dungeon)
Armour
 b - a +1 robe (worn)
Scrolls
 j - a scroll of blinking
Potions
 e - a potion of curing
 f - a potion of heal wounds
 g - a potion of haste
 h - 2 potions of magic
 i - a potion of berserk rage
Books
 c - a book of Maledictions

   Spells                             Type                      Level
   a - Corona                         Hexes                        1
   b - Sure Blade                     Hexes/Charms                 2
   c - Ensorcelled Hibernation        Hexes/Ice                    2
   d - Confuse                        Hexes                        3
   e - Dazzling Spray                 Conjuration/Hexes            3
   f - Enslavement                    Hexes                        4
Comestibles
 d - a bread ration


   Skills:
 * Level 11.4 Fighting
 + Level 3.1 Short Blades
 * Level 11.5 Axes
 * Level 9.0 Dodging
 + Level 18.7 Stealth
 + Level 8.4 Spellcasting
 + Level 14.2 Hexes


You had 25 spell levels left.
You knew the following spells:

 Your Spells              Type           Power        Failure   Level  Hunger
a - Corona                Hex            #####..      1%          1    None


Dungeon Overview and Level Annotations

Branches:
Dungeon (1/1)

Altars:
Makhleb


Innate Abilities, Weirdness & Mutations

You cannot wear boots.
You can spit poison.
Your serpentine skin is tough (AC +3).
You have supernaturally acute eyesight.
Armour fits poorly on your strangely shaped body.
Your system is resistant to poisons.
You cover ground very slowly.


Message History

You feel agile.
Your skin feels tougher.
You have reached level 7!
You have reached level 8!
You feel stronger.
You have reached level 9!
Your experience leads to an increase in your attributes!
Increase (S)trength, (I)ntelligence, or (D)exterity?
You feel agile.
Your skin feels tougher.
You have reached level 10!
You have reached level 11!
You hear a shout! x8
The meat berserker hits you with a +9 battleaxe!!
* * * LOW HITPOINT WARNING * * *
You hear a shout! x2
The bag of meat moves out of view.
You hear a shout! x4
The bag of meat misses you.
You hear a shout! x2
The meat berserker hits you with a +9 battleaxe!
You die...

... ... ..... ..
.... #.... .# .#...
#o.....o#
......###.... ..###.
...........###.o....
...#........_......
..#....o.o#....O#
.......)@.#_.<._#
..#......O#.....#..
...#..o....._......
...........###......
......###.... ..###.
..O.. #o......# ....
#.......# ...
.....o... .......


You could see 2 meat berserkers and 5 bags of meat.

Vanquished Creatures
  An orc (D)
1 creature vanquished.

Notes
Turn   | Place    | Note
--------------------------------------------------------------
     0 | D        | miro, the Naga Enchanter, began the quest for the Orb.
     0 | D        | Reached XP level 1. HP: 15/15 MP: 3/3
     3 | D        | Noticed a bag of meat
     3 | D        | Noticed a bag of meat
     4 | D        | Became a worshipper of Makhleb the Destroyer
     6 | D        | Noticed a bag of meat
     6 | D        | Noticed a bag of meat
     7 | D        | Noticed a bag of meat
     7 | D        | Noticed a meat berserker
     7 | D        | Noticed a bag of meat
     7 | D        | Noticed a bag of meat
     8 | D        | Noticed a bag of meat
    10 | D        | Noticed a bag of meat
    10 | D        | Noticed a meat berserker
    10 | D        | Killed a bag of meat
    10 | D        | Reached skill level 11 in Fighting
    10 | D        | Reached skill level 18 in Stealth
    10 | D        | Reached XP level 2. HP: 18/44 MP: 3/13
    10 | D        | Reached XP level 3. HP: 20/51 MP: 3/16
    10 | D        | Reached XP level 4. HP: 23/60 MP: 3/18
    10 | D        | Reached XP level 5. HP: 25/67 MP: 3/20
    10 | D        | Reached XP level 6. HP: 27/74 MP: 3/21
    10 | D        | Reached XP level 7. HP: 29/81 MP: 3/23
    10 | D        | Reached XP level 8. HP: 32/90 MP: 3/24
    10 | D        | Reached XP level 9. HP: 34/97 MP: 3/25
    10 | D        | Reached XP level 10. HP: 36/105 MP: 3/27
    10 | D        | Reached XP level 11. HP: 38/111 MP: 3/27
    10 | D        | Slain by a meat berserker

Action                   |  1- 3 |  4- 6 |  7- 9 | 10-12 || total
-------------------------+-------+-------+-------+-------++-------
Melee: Executioner's axe |     1 |       |       |       ||     1
